 Dungeon Crawl Stone Soup version 0.29.0-11-gd7f09526c8 (webtiles) character file.

Game seed: 1761824292389723345

32660 Lochraine the Spear-Bearer (level 13, -13/92 HPs)
             Began as a Merfolk Ice Elementalist on Sept 5, 2022.
             Was a Priest of Hepliaklqana.
             Mangled by a death yak (25 damage)
             ... on level 4 of the Lair of Beasts on Sept 6, 2022.
             The game lasted 01:01:49 (14747 turns).

Lochraine the Spear-Bearer (MfIE)                  Turns: 14747, Time: 01:01:50

Health: -13/92     AC:  9    Str: 15    XL:     13   Next: 66%
Magic:  21/25      EV: 14    Int: 25    God:    Hepliaklqana [***...]
Gold:   1447       SH:  0    Dex:  9    Spells: 13/29 levels left

rFire   + + .      SeeInvis .   H - +1 halberd (vorpal)
rCold   + . .      Faith    .   (shield currently unavailable)
rNeg    + . .      Spirit   .   E - +0 ring mail {rPois}
rPois   +          Reflect  .   S - +1 hat {Will+}
rElec   .          Harm     .   l - scarf {rC+ rF+}
rCorr   .          Rampage  .   K - +0 pair of gloves
Will    +....                   B - +1 pair of boots
Stlth   +.........              (no amulet)
HPRegen 0.25/turn               k - ring of Henam {Fly rF+ rN+ Str+6 Dex-5}
MPRegen 0.19/turn               y - +6 ring of intelligence

@: flying
A: reduced essence, (nimble swimmer 2), mertail
a: Renounce Religion, Recall Ancestor, Ancestor Identity, Transference


You were on level 4 of the Lair of Beasts.
You worshipped Hepliaklqana.
Hepliaklqana was most pleased with you.
You visited 3 branches of the dungeon, and saw 16 of its levels.
You also visited: Bailey.

You collected 1447 gold pieces.

Inventory:

Hand Weapons
 a - a +2 short sword of venom
   (You took it off a kobold on level 6 of the Dungeon)
 H - a +1 vorpal halberd (weapon)
   (You took it off a gnoll on level 8 of the Dungeon)
 T - a +0 spear of venom
   (You took it off a gnoll on level 7 of the Dungeon)
Missiles
 g - 3 throwing nets {!f}
Armour
 b - a +0 chain mail
   (You took it off Harold on level 1 of the Lair of Beasts)
 l - a scarf of resistance (worn)
   (You acquired it on level 1 of the Lair of Beasts)
 B - a +1 pair of boots (worn)
   (You found it on level 3 of the Dungeon)
 E - a +0 ring mail of poison resistance (worn)
   (You took it off an orc on level 4 of the Dungeon)
 I - a +0 robe
   (You found it on level 4 of the Lair of Beasts)
 K - a +0 pair of gloves (worn)
   (You found it on level 4 of the Dungeon)
 O - a +0 scale mail
   (You found it on level 4 of the Lair of Beasts)
 S - a +1 hat of willpower (worn)
   (You took it off Gastronok on level 1 of the Lair of Beasts)
Magical Staves
 w - a staff of air
   (You found it on level 3 of the Dungeon)
Jewellery
 k - the ring of Henam (left hand) {Fly rF+ rN+ Str+6 Dex-5}
   (You found it on level 2 of the Dungeon)

   [ring of protection from fire]

   Str:       It affects your strength (+6).
   Dex:       It affects your dexterity (-5).
   rF:        It protects you from fire.
   rN:        It protects you from negative energy.
   Fly:       It grants you flight.
 y - a +6 ring of intelligence (right hand)
   (You found it on level 3 of the Dungeon)
 M - a +4 ring of evasion
   (You found it on level 1 of the Lair of Beasts)
Wands
 t - a wand of flame (11)
   (You found it on level 7 of the Dungeon)
 v - a wand of digging (5)
   (You found it on level 1 of the Lair of Beasts)
 N - a wand of mindburst (25)
   (You found it on level 7 of the Dungeon)
 R - a wand of charming (4)
   (You found it on level 4 of the Lair of Beasts)
 X - a wand of roots (9)
   (You found it on level 8 of the Dungeon)
 Y - a wand of light (11)
   (You found it on level 8 of the Dungeon)
Scrolls
 h - a scroll of blinking {unknown}
 j - 7 scrolls of teleportation {@r4}
 o - a scroll of brand weapon
 p - a scroll of poison {unknown}
 r - a scroll of summoning {unknown}
 s - a scroll of silence {unknown}
 u - 4 scrolls of fear
 x - a scroll of identify {@r1}
 z - a scroll of amnesia {unknown}
 A - a scroll of butterflies {unknown}
 C - 3 scrolls of torment {unknown}
 F - 2 scrolls of enchant weapon
 J - 2 scrolls of enchant armour
 L - a scroll of noise {unknown}
 P - a scroll of immolation {unknown}
 V - a scroll of magic mapping
Potions
 c - 2 potions of resistance
 d - 2 potions of attraction {!q}
 e - 2 potions of berserk rage {unknown}
 f - a potion of invisibility {unknown}
 i - 3 potions of brilliance
 m - 4 potions of curing {unknown}
 n - 3 potions of haste {@q3}
 q - 2 potions of flight {unknown}
 G - a potion of might
 Q - 4 potions of heal wounds {@q2}
 U - a potion of mutation {!q}


   Skills:
 + Level 9.8 Fighting
 + Level 12.2 Polearms
 + Level 12.0 Dodging
 - Level 2.1 Stealth
 + Level 8.6 Spellcasting
 - Level 4.9 Conjurations
 + Level 5.1 Necromancy
 - Level 9.7 Ice Magic
 - Level 5.0 Earth Magic
 + Level 1.1 Invocations


You had 13 spell levels left.
You knew the following spells:

 Your Spells              Type           Power      Damage    Failure   Level
a - Freeze                Ice            100%       1d11      1%          1
b - Anguish               Hex/Necr       11%        N/A       36%         4
x - Stone Arrow           Conj/Erth      70%        3d11      4%          3
y - Frozen Ramparts       Ice            100%       1d16      1%          3
z - Ozocubu's Armour      Ice            56%        N/A       1%          3
Z - Sublimation of Blood  Necr           36%        N/A       1%          2

Your spell library contained the following spells:

 Spells                   Type           Power      Damage    Failure   Level
 Sandblast                Erth           70%        2d15      1%          1
 Hailstorm                Conj/Ice       47%        3d11      5%          4
 Passwall                 Tmut/Erth      19%        N/A       6%          2
 Beastly Appendage        Tmut           20%        N/A       12%         1
 Call Imp                 Summ           10%        N/A       17%         2
 Wereblood                Tmut           10%        N/A       17%         2
 Confusing Touch          Hex            10%        N/A       34%         3
 Gell's Gravitas          Tloc           10%        N/A       34%         3
 Lesser Beckoning         Tloc           10%        N/A       34%         3
 Spider Form              Tmut/Pois      10%        N/A       34%         3
 Teleport Other           Tloc           10%        N/A       34%         3
 Leda's Liquefaction      Hex/Erth       11%        N/A       38%         4
 Spellforged Servitor     Conj/Summ      11%        N/A       100%        7
 Summon Hydra             Summ           5%         N/A       100%        7


Dungeon Overview and Level Annotations

Branches:
Dungeon (10/15) Zot: 26831  Temple (1/1) D:6 Zot: 5979    Lair (5/5) D:8 Zot: 26242
 Shoals (0/4) Lair:2       Spider (0/4) Lair:2          Orc (0/2) D:10
 Bailey (visited)
  Slime: Lair:4-5

Altars:
Ashenzari
Cheibriados
Dithmenos
Gozag
Hepliaklqana
Kikubaaqudgha
Makhleb
Nemelex Xobeh
Okawaru
Ru
Uskayaw
Vehumet
Wu Jian
Xom
Yredelemnul
Zin
The Shining One

Shops:
D:2 [

Annotations:
D:7 1 runed translucent door, Crazy Yiuf
Lair:4 2 transporters


Innate Abilities, Weirdness & Mutations

Your life essence is reduced to manifest your ancestor. (-10% HP)
((You are very nimble when in or above water. (Stealth+, EV+, Speed+++)))
Your lower body shifts to a powerful aquatic tail in water.


Message History

There is a stone staircase leading down here.
Found 6 stones.
Found 23 gold pieces and a +0 pair of boots of rampaging.
A death yak comes into view.
The death yak bellows!
A death yak comes into view.
The death yak bellows!
You hear a bellow!
A death yak comes into view. x2
Unknown command.
You can't see any susceptible monsters within range! (Use Z to cast anyway.)
The death yak bellows! x2
Aim: a death yak (ally target, 91% to hit)
The stone arrow hits the death yak!!
A death yak comes into view.
Aim: a death yak (moderately wounded, ally target, 91% to hit)
The stone arrow hits the death yak!
A death yak comes into view.
You reach to attack!
You hit the death yak but do no damage. You completely miss the death yak.
Nefertari hits the death yak with a +0 flail!
The death yak gores you!
You hit the death yak but do no damage.
Nefertari hits the death yak but does no damage.
The death yak gores you!!
You impale the death yak!!
Nefertari hits the death yak but does no damage.
You hit the death yak.
You kill the death yak!
The death yak gores the fungus!!
The fungus begins to die.
Nefertari hits the death yak with a +0 flail!
Your Invocations skill increases to level 1!
The death yak attacks as you move away! The death yak closely misses you.
The death yak gores Nefertari!!
Nefertari hits the death yak but does no damage.
Nefertari hits the death yak with a +0 flail.
Nefertari barely misses the death yak.
The death yak barely misses Nefertari.
Okay, then.
Nefertari is recalled.
Nefertari hits the death yak with a +0 flail!
You hit the death yak but do no damage. The death yak gores you!!
* * * LOW HITPOINT WARNING * * *
The death yak gores the plant!
The plant begins to die.
The death yak gores you!!
* * * LOW HITPOINT WARNING * * *
The death yak gores the plant!
Nefertari barely misses the death yak.
The death yak attacks as you move away! The death yak gores you!
* * * LOW HITPOINT WARNING * * *
The death yak attacks as you move away! The death yak gores you!!
You die...

#..#...## #P..##
........# ###..##
......... #.....#
.......## #...###
......## ###Y.##
..#.P## ##(#..# .#.###
#R#YY.# ..## ###YYP##
.## ##.#@### .####
#.#..# #...# ##...##
...## #P.>#######
.#.### #...P#.#..###
..#..# ####...........#
.....#
##...........#.##
...#.###.#......#######
...#..........###


You could see the friendly Nefertari the knight and 5 death yaks.

Vanquished Creatures
  Gastronok (Lair:1)
  A hydra (Lair:2)
  A two-headed ogre (D:8)
  A death yak (Lair:4)
  Pikel (D:4)
  A black mamba (Lair:2)
  A torpor snail (Lair:2)
  A cane toad (Lair:1)
  5 komodo dragons
  Grinder (D:6)
  A polar bear (Lair:2)
  A hornet (D:8)
  4 blink frogs (Lair:1)
  A snapping turtle (Lair:2)
  16 yaks
  A wyvern (D:7)
  2 steam dragons (D:8)
  2 water moccasins
  4 orc warriors
  A black bear (D:6)
  5 wolves (Lair:2)
  2 ogres (D:4)
  2 lemures (D:4)
  2 centaurs
  2 phantoms
  5 bullfrogs
  3 kobold brigands
  A gnoll sergeant (D:8)
  4 scorpions (D:5)
  An electric eel (Lair:2)
  A howler monkey (D:7)
  An orc priest (D:7)
  3 hounds
  A gnoll bouda (D:7)
  Terence (D:3)
  2 iguanas
  3 orc wizards
  11 gnolls
  5 adders
  3 white imps
  An ufetubus (D:7)
  3 worms
  28 orcs
  8 bats
  9 endoplasms
  2 giant cockroaches (D:4)
  11 goblins
  3 hobgoblins
  5 jackals
  30 kobolds
  6 quokkas
  5 ball pythons
  A frilled lizard (D:2)
  7 rats
224 creatures vanquished.

Vanquished Creatures (collateral kills)
  Harold (Lair:1)
  3 cane toads
  3 komodo dragons
  A wyvern (Lair:1)
  2 basilisks
  3 yaks (Lair:2)
  2 water moccasins
  A wolf (Lair:2)
  2 bullfrogs
  A howler monkey (D:8)
  5 orcs
  A kobold (D:8)
25 creatures vanquished.

Vanquished Creatures (others)
  3 knights
  An orc wizard (D:8)
  3 ancestors
  An orc (D:8)
  13 fungi
  7 plants
28 creatures vanquished.

Grand Total: 277 creatures vanquished

Notes
Turn   | Place    | Note
-------+----------+-------------------------------------------
     0 | D:1      | Lochraine the Merfolk Ice Elementalist began the quest for
                  | the Orb.
     0 | D:1      | Reached XP level 1. HP: 13/13 MP: 3/3
    49 | D:1      | Reached XP level 2. HP: 4/19 MP: 0/5
   873 | D:1      | Reached XP level 3. HP: 24/24 MP: 3/6
   936 | D:1      | Learned a level 3 spell: Frozen Ramparts
   940 | D:1      | Learned a level 3 spell: Ozocubu's Armour
  1190 | D:2      | Reached skill level 5 in Ice Magic
  1197 | D:2      | Identified the ring of Henam {Fly rF+ rN+ Str+6 Dex-5}
  1634 | D:2      | Got the Vellum of Generative Glamour
  1678 | D:2      | Found Pauklu's Antique Armour Boutique.
  1683 | D:2      | Reached XP level 4. HP: 30/30 MP: 2/8
  2168 | D:3      | Noticed Terence
  2174 | D:3      | Killed Terence
  2675 | D:3      | Found a faded altar of an unknown god.
  2896 | D:4      | Reached XP level 5. HP: 35/35 MP: 3/10
  3137 | D:4      | Noticed a phantom
  3360 | D:4      | Learned a level 2 spell: Sublimation of Blood
  3475 | D:4      | Killed a phantom
  3659 | D:4      | Noticed a lemure
  3679 | D:4      | Killed a lemure
  3680 | D:4      | Noticed Pikel
  3794 | D:4      | Reached skill level 1 in Necromancy
  3794 | D:4      | Reached XP level 6. HP: 41/41 MP: 5/12
  4205 | D:4      | Reached XP level 7. HP: 46/46 MP: 3/13
  4520 | D:4      | Killed Pikel
  4521 | D:4      | Reached skill level 5 in Spellcasting
  4521 | D:4      | Reached XP level 8. HP: 25/52 MP: 3/16
  4737 | D:5      | Entered Level 5 of the Dungeon
  6138 | D:6      | Found a staircase to the Ecumenical Temple.
  6145 | Temple   | Entered the Ecumenical Temple
  6160 | Temple   | Became a worshipper of Hepliaklqana the Forgotten
  6693 | D:6      | Noticed Grinder
  6700 | D:5      | Learned a level 3 spell: Stone Arrow
  6947 | D:6      | Paralysed by Grinder for 4 turns
  6956 | D:6      | Paralysed by Grinder for 3 turns
  6970 | D:6      | Killed Grinder
  6971 | D:6      | Reached skill level 1 in Conjurations
  6971 | D:6      | Reached skill level 1 in Earth Magic
  6971 | D:6      | Reached XP level 9. HP: 42/57 MP: 2/18
  7530 | D:7      | Found a flagged portal.
  7543 | Bailey   | Entered a bailey
  7575 | Bailey   | Noticed an orc warlord
  8030 | Bailey   | Found a runed translucent gate.
  8030 | Bailey   | Found a runed translucent gate.
  8030 | Bailey   | Found a runed translucent gate.
  8401 | D:7      | Found the +2 cloak of the Thief {*Fog Slay-2 SInv Stlth+}
  8570 | D:7      | Reached * piety under Hepliaklqana
  8948 | D:7      | Found a runed translucent door.
  8949 | D:7      | Noticed Crazy Yiuf
  9307 | D:8      | Noticed a two-headed ogre
  9329 | D:7      | Reached skill level 1 in Polearms
  9622 | D:8      | Killed a two-headed ogre
  9623 | D:8      | Reached XP level 10. HP: 55/56 MP: 13/21
  9911 | D:8      | Reached skill level 1 in Fighting
 10399 | D:8      | Found a staircase to the Lair.
 10743 | D:8      | You are sucked into a shaft and drop 2 floors!
 10743 | D:10     | Entered Level 10 of the Dungeon
 10942 | Lair:1   | Entered Level 1 of the Lair of Beasts
 10982 | Lair:1   | Reached ** piety under Hepliaklqana
 10983 | Lair:1   | Remembered your ancestor Nefertari as a knight
 11262 | Lair:1   | Reached skill level 5 in Polearms
 11335 | Lair:1   | Identified 2 scrolls of acquirement
 11335 | Lair:1   | Acquired a scarf of resistance
 11412 | Lair:1   | Noticed Gastronok
 11481 | Lair:1   | Reached skill level 5 in Dodging
 11534 | Lair:1   | Noticed a cane toad
 11563 | Lair:1   | Killed a cane toad
 11632 | Lair:1   | Reached XP level 11. HP: 63/68 MP: 22/22
 11754 | Lair:1   | Noticed Harold
 11758 | Lair:1   | Reached XP level 12. HP: 80/80 MP: 23/23
 11759 | Lair:1   | Reached skill level 10 in Dodging
 11759 | Lair:1   | Reached XP level 13. HP: 89/89 MP: 24/24
 11775 | Lair:1   | Killed Harold
 11814 | Lair:1   | Killed Gastronok
 12301 | Lair:2   | Reached skill level 5 in Earth Magic
 12362 | Lair:2   | Learned a level 4 spell: Anguish
 12704 | Lair:2   | Found a hole to the Spider Nest.
 13511 | Lair:2   | Reached skill level 5 in Necromancy
 13743 | Lair:2   | Reached *** piety under Hepliaklqana
 14113 | Lair:2   | Found a staircase to the Shoals.
 14547 | Lair:3   | You are sucked into a shaft and drop 2 floors!
 14547 | Lair:5   | Entered Level 5 of the Lair of Beasts
 14672 | Lair:4   | Acquired 736 gold pieces
 14697 | Lair:4   | Found a transporter.
 14698 | Lair:4   | Found a transporter.
 14728 | Lair:4   | Reached skill level 1 in Invocations
 14747 | Lair:4   | Mangled by a death yak

Illustrated notes

Levels and vault maps discovered:
D:1:      dpeg_arrival_rooms_c, layout_basic, minmay_tromino_mix6
D:2:      layout_rooms, serial_shops, shop, hex_medium,
          chequers_serial_rivers_small_a, serial_bayou_pond_d, corner_web_ring,
          minmay_liquid_box, feat_on_display
D:3:      layout_loops_cross, ebering_ecumenical_altar_abandoned, uniq_terence
D:4:      layout_cave_pools, uniq_pikel
D:5:      layout_cave_pods, gup_sewer_entry_bubbles
D:6:      layout_rooms, uniq_grinder
D:7:      layout_loops_ring, enter_bailey_7, uniq_crazy_yiuf_cottage
D:8:      layout_loops_ring, dpeg_oklobed_lair
D:9:      layout_loops_cross, uniq_psyche
D:10:     hellmonk_paralyzer, layout_basic, mainiacjoe_overflow_catwalk_spiral,
          chequers_temple_overflow_statue_of_worship, serial_shops,
          nicolae_shop_trees, uniq_sonja
Temple:   sentei_temple_godly_chess
Lair:1:   layout_chaotic_city, uniq_harold, uniq_gastronok
Lair:2:   layout_small_grid, minmay_shoals_entry_hut, dummy_spider_entry
Lair:3:   layout_hall_layers, grunt_forest_small_clearings, grunt_megastairs_4
Lair:4:   gammafunk_boulding_lane, layout_cave_pods,
          cheibrodos_lair_reptile_den, serial_bayou_shore_b, uniq_urug
Lair:5:   gammafunk_lair_ancient_temple, layout_loops_ring, slime_entry_1,
          portal_ice_cave_demonic_guard, nicolae_lair_lindhole, uniq_kirke

Skill      XL: |  1  2  3  4  5  6  7  8  9 10 11 12 13 |
---------------+----------------------------------------+-----
Ice Magic      | 5 6 7 8 9 |  9.7
Spellcasting   | 3 4 5 6 7 8 |  8.6
Necromancy     | 1 2 3 4 5 |  5.1
Conjurations   | 1 3 4 |  4.9
Earth Magic    | 1 3 4 5 |  5.0
Polearms       | 2 5 9 11 12 | 12.2
Dodging        | 5 8 10 12 | 12.0
Fighting       | 3 6 8 9 |  9.8
Invocations    | 1 |  1.1
Stealth        | |  2.1

Action                   |  1- 3 |  4- 6 |  7- 9 | 10-12 | 13-15 || total
-------------------------+-------+-------+-------+-------+-------++-------
Melee: Unarmed           |     1 |       |       |       |       ||     1
       Dagger            |    13 |    45 |     1 |       |       ||    59
       Whip              |       |       |    54 |       |       ||    54
       Short sword       |       |       |    19 |       |       ||    19
       Punch             |       |       |     2 |       |       ||     2
       Spear             |       |       |    20 |    55 |    45 ||   120
       Halberd           |       |       |       |       |    90 ||    90
 Cast: Freeze            |    53 |    36 |   106 |    12 |     1 ||   208
       Ozocubu's Armour  |     2 |    12 |    25 |     4 |     6 ||    49
       Frozen Ramparts   |       |    13 |    27 |     5 |     5 ||    50
       Sublimation of Bl |       |       |     2 |     2 |       ||     4
       Stone Arrow       |       |       |       |    24 |    36 ||    60
Invok: Recall Ancestor   |       |       |     1 |     1 |     3 ||     5
       Ancestor Life: Kn |       |       |       |     1 |       ||     1
  Use: Potion            |     1 |     2 |     1 |     2 |       ||     6
       Scroll            |       |     3 |     8 |     3 |     3 ||    17
 Stab: Sleeping          |     2 |     2 |     2 |       |       ||     6
       Distracted        |       |       |     1 |     1 |     2 ||     4
Armor: Robe              |    13 |    11 |     1 |       |       ||    25
       Ring mail         |       |       |    77 |     7 |    24 ||   108
       Skin              |       |       |    18 |       |       ||    18
Dodge: Dodged            |    52 |    27 |    87 |    19 |    56 ||   241
